 Dungeon Crawl Stone Soup version 0.18.1-5-g4a78601 (webtiles) character file.

1708 Mefis the Magician (level 8, -12/43 HPs)
             Began as a Deep Elf Wizard on May 11, 2016.
             Killed by divine providence
             ... invoked by an orc priest
              (18 damage)
             ... on level 6 of the Dungeon.
             The game lasted 00:17:03 (6911 turns).

Mefis the Magician (Deep Elf Wizard)                Turns: 6911, Time: 00:17:05

Health: -12/43     AC:  4    Str:  8    XL:     8   Next: 73%
Magic:  1/20       EV: 15    Int: 26    God:
Gold:   314        SH:  0    Dex: 15    Spells: 7 memorised, 6 levels left

rFire  + . .     SeeInvis .     G - +5 dagger of the Vendetta {drain, rF+ rN+ Dex+2 Stlth-}
rCold  . . .     Gourm    .     z - +2 robe
rNeg   + . .     Faith    .     (no shield)
rPois  .         Spirit   .     b - +0 hat
rElec  .         Dismiss  .     (no cloak)
rCorr  .         Reflect  .     (no gloves)
SustAt .         Harm     +     (no boots)
MR     .....     Rnd*Rage +     M - amulet of harm
Stlth  ++........               (no ring)
                                H - +4 ring of strength

@: very slightly contaminated, not resistant to hostile enchantments, unstealthy
A: berserk 1, blurry vision 1, mutation resistance 1
a: no special abilities


You were on level 6 of the Dungeon.
You were not hungry.

You visited 1 branch of the dungeon, and saw 6 of its levels.
You also visited: Sewer.

You collected 314 gold pieces.

Inventory:

Hand Weapons
 n - a +0 hunting sling
 u - a +1 dagger of venom
 y - a +2 dagger of protection
 D - a +0 hunting sling
 G - the +5 dagger of the Vendetta (weapon) {drain, rF+ rN+ Dex+2 Stlth-}
   (You found it on level 5 of the Dungeon)

   A truly terrible weapon, it drains the life of those it strikes.
   It affects your dexterity (+2).
   It protects you from fire.
   It protects you from negative energy.
   It makes you less stealthy.
Missiles
 o - 254 stones (quivered)
 r - 16 javelins
 v - 2 poisoned needles
 C - 36 arrows
 E - 19 sling bullets
Armour
 a - a +0 robe
 b - a +0 hat (worn)
 z - a +2 robe (worn)
Jewellery
 H - a +4 ring of strength (left hand)
 M - an amulet of harm (around neck)
Wands
 J - a wand of iceblast (7/15)
Scrolls
 e - 3 scrolls of immolation {unknown}
 g - 3 scrolls of fog {unknown}
 h - 3 scrolls of identify {unknown}
 j - 2 scrolls of fear {unknown}
 l - a scroll of remove curse {unknown}
 m - 2 scrolls of amnesia {unknown}
 s - 2 scrolls of magic mapping {unknown}
 B - 4 scrolls of teleportation {unknown}
 I - a scroll of enchant weapon {unknown}
Potions
 f - 2 potions of experience {unknown}
 i - 4 potions of heal wounds {unknown}
 q - 8 potions of curing {unknown}
 t - a potion of might {unknown}
 x - 2 potions of flight {unknown}
 A - 2 potions of resistance {unknown}
 F - a potion of ambrosia {unknown}
 L - a potion of invisibility {unknown}
Books
 c - a book of Minor Magic

   Spells                             Type                      Level
   a - Magic Dart                     Conjuration                  1
   b - Blink                          Translocation                2
   c - Call Imp                       Summoning                    2
   d - Repel Missiles                 Charms/Air                   2
   e - Slow                           Hexes                        2
   f - Conjure Flame                  Conjuration/Fire             3
   g - Mephitic Cloud                 Conjuration/Poison/Air       3
 K - a book of Frost

   Spells                             Type                      Level
   a - Freeze                         Ice                          1
   b - Throw Frost                    Conjuration/Ice              2
   c - Ozocubu's Armour               Charms/Ice                   3
   d - Throw Icicle                   Conjuration/Ice              4
   e - Summon Ice Beast               Ice/Summoning                4
Comestibles
 d - 4 bread rations
 k - 7 fruits
 p - 3 meat rations
 w - a royal jelly


   Skills:
 + Level 1.4 Fighting
 + Level 1.6 Short Blades
 + Level 5.3 Dodging
 + Level 6.0 Stealth
 + Level 7.2 Spellcasting
 + Level 4.9 Conjurations
 + Level 2.3 Hexes
 + Level 4.2 Summonings
 - Level 1.1 Translocations
 + Level 3.4 Fire Magic
 + Level 3.5 Poison Magic


You had 6 spell levels left.
You knew the following spells:

 Your Spells              Type           Power        Failure   Level  Hunger
a - Magic Dart            Conj           ####         1%          1    None
b - Call Imp              Summ           ####....     1%          2    None
c - Blink                 Tloc           N/A          10%         2    None
d - Repel Missiles        Chrm/Air       #.....       12%         2    None
e - Mephitic Cloud        Conj/Pois/Air  ###.....     8%          3    None
f - Conjure Flame         Conj/Fire      ####....     4%          3    None
g - Slow                  Hex            ###.....     3%          2    None


Dungeon Overview and Level Annotations

Branches:
Dungeon (6/15)
 Temple: D:4-7

Altars:
Cheibriados
Fedhas
Nemelex Xobeh

Shops:
D:5 [


Innate Abilities, Weirdness & Mutations

You tend to lose your temper in combat.
Scrolls take you a little longer to read.
You are somewhat resistant to further mutation.


Message History

Casting: Mephitic Cloud
Confirm with . or Enter, or press ? or * to list all spells.
You blink.
Casting: Blink
Confirm with . or Enter, or press ? or * to list all spells.
Aiming: Mephitic Cloud
Press: ? - help, Shift-Dir - straight line, f/p - orc priest
Aim: an orc priest, wielding a club The ball explodes into a vile cloud!
The stinking cloud engulfs the orc priest. x2
The orc priest is engulfed in noxious fumes.
The orc priest appears confused.
You hit the orc wizard.
The orc wizard is heavily wounded.
The orc wizard hits you but does no damage.
The orc priest is engulfed in noxious fumes.
The orc priest appears confused.
The orc priest mumbles some strange prayers to Beogh against you.
Beogh smites you!
You die...

#.# #.####.##.####.## #.#
#.........# ##'## #.#
######.######...## # # #.# ###.#
##.....## ##.###.#########.#.#
##.......#
###...............o..###........o
).................§o§..'......o..
###...##.###.###%.§§.###.......).
##.##..# #.###@#.#.# ##.......#
#.##.## #.##..o...# ##.....##
#.##.# #.##..##### ##...###
#.##.####.##..# ##.....
####......)..##..# #.####
........####.....# #.# #########
####.###### ##.#### ## #......#
##...#.. .# ######.#####......#


You could see 2 orc priests and an orc wizard.

Vanquished Creatures
  A hungry ghost (D:6)
  Menkaure (D:5)
  4 sky beasts
  2 ogres (D:4)
  2 ice beasts
  A big kobold (Sewer)
  A water moccasin skeleton (D:6)
  A scorpion (D:4)
  2 hounds
  4 orc wizards (D:6)
  2 orc priests (D:6)
  Jessica (D:3)
  4 worker ants
  Ijyb (D:3)
  8 adders
  A howler monkey skeleton (D:4)
  2 adder skeletons (D:4)
  3 worms
  3 dart slugs
  3 giant geckos
  7 orcs
  10 bats
  2 giant cockroaches
  11 goblins
  3 hobgoblins
  3 jackals
  5 quokkas
  3 ball pythons
  A giant cockroach zombie (D:6)
  7 giant newts
  7 kobolds
  10 rats
116 creatures vanquished.

Notes
Turn   | Place    | Note
--------------------------------------------------------------
     0 | D:1      | Mefis the Deep Elf Wizard began the quest for the Orb.
     0 | D:1      | Reached XP level 1. HP: 10/10 MP: 7/7
   310 | D:1      | Reached XP level 2. HP: 15/15 MP: 1/9
   385 | D:1      | Learned a level 2 spell: Call Imp
   388 | D:1      | Learned a level 2 spell: Blink
   391 | D:1      | Learned a level 2 spell: Repel Missiles
   828 | D:1      | Reached XP level 3. HP: 19/19 MP: 6/11
  1713 | D:2      | Reached skill level 5 in Spellcasting
  1722 | D:2      | Learned a level 3 spell: Mephitic Cloud
  1907 | D:2      | Found a blossoming altar of Fedhas.
  2219 | D:3      | Reached XP level 4. HP: 24/24 MP: 10/13
  2362 | D:3      | Noticed Ijyb
  2387 | D:3      | Killed Ijyb
  2670 | D:3      | Found a sparkling altar of Nemelex Xobeh.
  2670 | D:3      | Noticed Jessica
  2673 | D:3      | Killed Jessica
  2716 | D:3      | Found a faded altar to an unknown god.
  2723 | D:3      | Reached XP level 5. HP: 27/28 MP: 11/14
  2730 | D:3      | Learned a level 3 spell: Conjure Flame
  2776 | D:3      | Found a glowing drain.
  2788 | Sewer    | Entered a sewer
  2919 | Sewer    | Reached skill level 1 in Poison Magic
  3039 | Sewer    | Found a white marble altar of Elyvilon.
  3350 | D:4      | Noticed an ogre
  3553 | D:4      | Reached skill level 1 in Fire Magic
  3553 | D:4      | Reached XP level 6. HP: 32/32 MP: 1/16
  4076 | D:4      | Reached skill level 6 in Spellcasting
  4235 | D:4      | Reached XP level 7. HP: 36/36 MP: 4/18
  4796 | D:5      | Entered Level 5 of the Dungeon
  5349 | D:5      | Got a scorched dagger
  5350 | D:5      | Identified the +5 dagger of the Vendetta {drain, rF+ rN+ Dex+2 Stlth-} (You found it on level 5 of the Dungeon)
  5358 | D:5      | Noticed Menkaure
  5367 | D:5      | Killed Menkaure
  5367 | D:5      | Reached skill level 5 in Stealth
  5533 | D:5      | Found Naism's Armour Emporium.
  5608 | D:5      | Found a snail-covered altar of Cheibriados.
  5750 | D:5      | Reached XP level 8. HP: 39/42 MP: 15/20
  5774 | D:5      | Learned a level 2 spell: Slow
  6185 | D:6      | Reached skill level 1 in Short Blades
  6357 | D:6      | Reached skill level 1 in Hexes
  6451 | D:6      | Reached skill level 5 in Dodging
  6451 | D:6      | Reached skill level 7 in Spellcasting
  6497 | D:6      | Reached skill level 1 in Fighting
  6823 | D:6      | Gained mutation: You tend to lose your temper in combat. [mutagenic meat]
  6824 | D:6      | Gained mutation: Scrolls take you a little longer to read. [mutagenic meat]
  6825 | D:6      | Gained mutation: You are somewhat resistant to further mutation. [mutagenic meat]
  6911 | D:6      | Killed from afar by an orc priest

Skill      XL: |  1  2  3  4  5  6  7  8 |
---------------+-------------------------+-----
Conjurations   | 2 3 4 |  4.9
Dodging        | 3 4 5 |  5.3
Spellcasting   | 5 6 7 |  7.2
Stealth        | 3 4 5 6 |  6.0
Summonings     | 2 3 4 |  4.2
Poison Magic   | 1 2 3 |  3.5
Fire Magic     | 1 2 3 |  3.4
Short Blades   | 1 |  1.6
Hexes          | 2 |  2.3
Fighting       | 1 |  1.4
Translocations | |  1.1

Action                   |  1- 3 |  4- 6 |  7- 9 || total
-------------------------+-------+-------+-------++-------
Melee: Dagger            |     9 |     2 |    43 ||    54
 Cast: Magic Dart        |    90 |   124 |   134 ||   348
       Repel Missiles    |     1 |       |       ||     1
       Call Imp          |       |     3 |     1 ||     4
       Conjure Flame     |       |     7 |     2 ||     9
       Mephitic Cloud    |       |     5 |     9 ||    14
       Blink             |       |     2 |     1 ||     3
 Stab: Sleeping          |     1 |     2 |     2 ||     5
       Distracted        |       |       |     1 ||     1
       Confused          |       |       |     1 ||     1
  Eat: Chunk             |     4 |     2 |     4 ||    10
       Bread ration      |       |     1 |     1 ||     2
       Meat ration       |       |       |     1 ||     1
       Fruit             |       |       |     1 ||     1
Armor: Robe              |     6 |     6 |     8 ||    20
Dodge: Dodged            |    20 |    20 |    36 ||    76
       Deflected         |       |     2 |     1 ||     3
